 Dungeon Crawl Stone Soup version 0.19.5 (webtiles) character file.

101 Monsterracer the Chucker (level 4, 0/40 HPs)
             Began as an Ogre Hunter on Apr 17, 2017.
             Succumbed to a crimson imp's poison
             ... on level 3 of the Dungeon.
             The game lasted 00:04:52 (2200 turns).

Monsterracer the Chucker (Ogre Hunter)              Turns: 2200, Time: 00:04:53

Health: 0/40       AC:  3    Str: 18    XL:     4   Next: 75%
Magic:  3/3        EV:  9    Int: 10    God:
Gold:   87         SH:  0    Dex: 10    Spells: 0 memorised, 3 levels left

rFire  . . .     SeeInvis .     g - +0 mace
rCold  . . .     Gourm    .     b - +0 robe
rNeg   . . .     Faith    .     (no shield)
rPois  .         Spirit   .     (helmet restricted)
rElec  .         Reflect  .     (no cloak)
rCorr  .         Harm     .     (gloves unavailable)
MR     +....     Rnd*Rage +     (boots unavailable)
Stlth  +.........               (no amulet)
                                (no ring)
                                (no ring)

@: lethally poisoned (0 -> -2), drained
A: unfitting armour, claws 1, berserk 1, frail 1, low mp 1, magic resistance 1,
tough skin 1, subdued magic 1
a: no special abilities


You were on level 3 of the Dungeon.
You were not hungry.

You visited 1 branch of the dungeon, and saw 3 of its levels.

You collected 87 gold pieces.

Inventory:

Hand Weapons
 g - a +0 mace (weapon)
Missiles
 c - 5 large rocks
 d - 2 throwing nets
 k - 90 stones (quivered)
Armour
 b - a +0 robe (worn)
Scrolls
 a - 3 scrolls of magic mapping {unknown}
 e - a scroll of remove curse {unknown}
 h - 5 scrolls of identify {unknown}
 j - a scroll of recharging {unknown}
 l - 2 scrolls of fear {unknown}
 m - a scroll of immolation {unknown}
 n - a scroll of random uselessness {unknown}
 q - a scroll of enchant weapon {unknown}
Potions
 o - a potion of flight
Comestibles
 f - a bread ration
 i - 2 meat rations
 r - 2 chunks of flesh


   Skills:
 + Level 3.5(2.8) Fighting
 * Level 3.7(3.0) Maces & Flails
 + Level 4.6(3.9) Throwing
 - Level 2.0(1.3) Dodging
 - Level 0.6(0.0) Stealth


You had 3 spell levels left.
You didn't know any spells.

Dungeon Overview and Level Annotations

Branches:
Dungeon (3/15)

Altars:
Xom
Yredelemnul


Innate Abilities, Weirdness & Mutations

You are too large for most types of armour.
You have tough skin. (AC +1)
You have sharp fingernails.
You tend to lose your temper in combat.
You are frail. (-10% HP)
Your magical capacity is low. (-10% MP)
You are resistant to hostile enchantments. (MR+)
Your spells are a little easier to cast, but a little less powerful.


Message History

* * * LOW HITPOINT WARNING * * *
You feel sick.
* * * LOW HITPOINT WARNING * * *
You feel sick.
You see here 2 stones.
There is a stone staircase leading down here.
* * * LOW HITPOINT WARNING * * *
You feel sick.
* * * LOW HITPOINT WARNING * * *
You feel sick.
* * * LOW HITPOINT WARNING * * *
You feel sick.
* * * LOW HITPOINT WARNING * * *
You feel sick.
* * * LOW HITPOINT WARNING * * *
You feel sick.
* * * LOW HITPOINT WARNING * * *
You feel sick.
The crimson imp blinks!
You die...

#.#.## ###....<.###>####
#....## #...............#####
#.....####[#..................
#................####.##..####
#.....##........#...#.##......
##...###.#......#.....###.####
##.## # ###.##......## #.# #.#
#.# #.#..ยง....####.# #.# #.#
#.@..........#.# #.#
#.#####.......##.#.# #.#
#.....5.......##.#.# #.#
#........##.####.#.#
#.####.######.##.# #.#.####
#...)#.######.##.# #.#.....
####...).........# #.######
#.#.######.........# #.#.#
#.#########


There were no monsters in sight!

Vanquished Creatures
  The ghost of Fingolfin the Conjurer, a weakling NaWz (D:3)
  3 adders (D:2)
  A dart slug (D:3)
  An orc (D:3)
  3 bats (D:2)
  2 giant cockroaches (D:1)
  5 goblins
  3 hobgoblins
  A quokka (D:2)
  4 frilled lizards
  3 kobolds
  6 rats
33 creatures vanquished.

Notes
Turn   | Place    | Note
-------+----------+-------------------------------------------
     0 | D:1      | Monsterracer the Ogre Hunter began the quest for the Orb.
     0 | D:1      | Reached XP level 1. HP: 22/22 MP: 1/1
   115 | D:1      | Gained mutation: You tend to lose your temper in combat. [potion of mutation]
   115 | D:1      | Gained mutation: You have sharp fingernails. [potion of mutation]
   115 | D:1      | Gained mutation: Your spells are a little easier to cast, but a little less powerful. [potion of mutation]
   116 | D:1      | Gained mutation: You are frail. (-10% HP) [potion of mutation]
   116 | D:1      | Gained mutation: You are resistant to hostile enchantments. (MR+) [potion of mutation]
   116 | D:1      | Gained mutation: Your magical capacity is low. (-10% MP) [potion of mutation]
   246 | D:1      | Reached skill level 1 in Maces & Flails
   423 | D:1      | Reached XP level 2. HP: 23/26 MP: 1/1
   970 | D:2      | Reached XP level 3. HP: 27/33 MP: 2/2
  1606 | D:2      | Found a basalt altar of Yredelemnul.
  1975 | D:3      | Noticed Fingolfin's ghost (weakling NaWz)
  1979 | D:3      | Killed Fingolfin's ghost
  1979 | D:3      | Reached XP level 4. HP: 40/40 MP: 3/3
  2150 | D:3      | Found a shimmering altar of Xom.
  2188 | D:3      | HP: 2/40 [poisoned by a crimson imp]
  2193 | D:3      | HP: 1/40 [poisoned by a crimson imp]
  2200 | D:3      | Succumbed to a crimson imp's poison

Skill      XL: |  1  2  3 |
---------------+----------+-----
Maces & Flails | 1 2 3 |  3.7
Fighting       | 3 |  3.5
Dodging        | 2 |  2.0
Throwing       | |  4.6
Stealth        | |  0.6

Action                   |  1- 3 |  4- 6 || total
-------------------------+-------+-------++-------
Melee: Mace              |    56 |    20 ||    76
       Short sword       |     1 |       ||     1
Throw: Stone             |    36 |    11 ||    47
       Large rock        |     4 |       ||     4
  Use: Potion            |     5 |     3 ||     8
  Eat: Chunk             |     3 |     1 ||     4
Armor: Robe              |    15 |     4 ||    19
Dodge: Dodged            |    42 |     6 ||    48
